Map: Blackburn LE

Players

Quarantino

  • Race: Zerg Zerg
  • League: Diamond

ViBE - Winner!

  • Race: Zerg Zerg
  • League: Diamond

VOD

Have the link to the VOD?

Description

Time

  • Played on: April 21, 2021, 11:06 p.m.
  • Length: 5:22
Show
View Real Time Build Order
Export as new Build Order

Quarantino Zerg 

Build Orders: Hatch First, Zergling Baneling 

Get SALT Encoding   

  12  0:00  Drone  
  13  0:12  Overlord  
  13  0:24  Drone  
  14  0:32  Drone  
  14  0:33  Drone  
  16  0:52  Hatchery  
  16  0:55  Drone  
  16  0:57  Drone  
  16  1:00  Drone  
  18  1:11  Extractor  
  17  1:16  Spawning Pool  
  16  1:19  Drone  
  16  1:22  Drone  
  18  1:29  Drone  
  20  1:40  Drone  
  20  2:03  Queen  
  20  2:04  Queen  
  20  2:05  Zergling x4  
  20  2:07  Overlord  
  26  2:13  Metabolic Boost  
  26  2:29  Hatchery  
  25  2:40  Drone x3  
  25  2:41  Drone  
  29  2:48  Drone  
  30  2:56  Baneling Nest  
  29  3:07  Drone x2  
  29  3:08  Zergling x6  
  34  3:14  Zergling x4  
  34  3:16  Overlord  
  36  3:25  Overlord  
  36  3:39  Baneling x4  
  36  3:42  Zergling x12  
  36  3:48  Zergling x6  
  43  4:04  Zergling x12  
  42  4:20  Zergling x2  
  42  4:21  Zergling x12  
  47  4:26  Zergling x4  
  47  4:27  Zergling x2  
  49  4:40  Drone x5  
  49  4:44  Baneling x2  
  49  4:45  Baneling x2, Zergling x2  
  47  4:56  Zergling x8  
Show
View Real Time Build Order
Export as new Build Order

ViBE Zerg - Winner!

Build Orders: Hatch First 

Get SALT Encoding   

  12  0:01  Drone  
  13  0:13  Overlord  
  13  0:17  Drone  
  14  0:32  Drone x2  
  16  0:53  Hatchery  
  16  0:55  Drone  
  16  0:56  Drone  
  17  1:01  Drone  
  18  1:23  Extractor  
  18  1:24  Spawning Pool  
  18  1:25  Drone x2  
  18  1:29  Drone  
  19  1:51  Overlord  
  19  2:04  Drone  
  19  2:05  Drone  
  19  2:06  Drone  
  22  2:13  Queen x2  
  26  2:16  Zergling x4  
  28  2:23  Drone, Metabolic Boost  
  29  2:31  Drone  
  29  2:35  Drone  
  31  2:39  Drone  
  33  2:44  Drone  
  33  2:49  Roach Warren  
  32  2:52  Overlord  
  32  2:57  Overlord  
  32  3:06  Overlord  
  32  3:18  Overlord  
  32  3:29  Roach x7  
  46  3:36  Roach  
  46  3:41  Zergling x4  
  50  3:51  Hatchery  
  49  3:58  Zergling x10  
  53  4:07  Zergling x6  
  56  4:16  Hatchery  
  56  4:24  Zergling x2  
  56  4:25  Zergling x4  
  56  4:26  Queen  
  61  4:32  Overlord  
  61  4:42  Zergling x6  
  62  4:53  Zergling x4  
Tags
 
Add a new tag
Caveats
  • Supply blocks, unpowered buildings, or Contaminate may cause inaccurate times.
  • Supply counts are checked every 10 seconds.